AoeStats
← I'm AOE2 Noob

Nomad

504994624Analyzed
4v4 RM · 26d ago on Sep 7, 2026· 46m 12s· 8 players
Game mode
Random Map
Map size
231×231
Population
200
Speed
Normal
Resources
Standard
Victory
Conquest
Starting age
Dark Age
Ending age
Imperial Age
RankedLock teamsTeams togetherTeam positionsShared explorationLock speedFull tech treeHidden civsTurbo modeCheats
Victory
Defeat
🇨🇳 Wu · China
1699
+12
🇨🇳 Mapuche · China
1693
+12
🇨🇳 Magyars · China
1558
+17
🇨🇳 Koreans · China
1554
+17
🇨🇳 Bulgarians · China
1654
-17
🇦🇹 Vietnamese · Austria
1596
-15
🇨🇦 Mongols · Canada
1588
-14
🇭🇰 Italians · Hong Kong SAR China
1537
-12
HasmanV
4:15 Loom
14:40 Feudal Age
18:12 Castle Age
16:31 Stone Mining
16:32 Fishing Lines
16:47 Double-Bit Axe
17:06 Town Watch
17:57 Gold Mining
19:21 Fletching
20:35 Bow Saw
21:54 Wheelbarrow
21:25 Gillnets
24:06 Bodkin Arrow
28:22 Imperial Age
26:42 Stone Shaft Mining
29:03 Bracer
31:24 Padded Archer Armor
31:51 Ballistics
32:53 Leather Archer Armor
34:00 Ring Archer Armor
36:36 Two-Man Saw
35:26 Elite Rattan Archer
36:19 Horse Collar
39:11 Chemistry
42:07 Thumb Ring
45:21 Hand Cart
45:52 Heavy Plow
Areyouok
7:22 Loom
11:09 Loom
12:57 Feudal Age
13:35 Town Watch
16:58 Castle Age
15:12 Double-Bit Axe
17:57 Medium Warships
17:59 Bow Saw
18:28 Loom
20:05 Horse Collar
22:24 Forging
22:38 Fishing Lines
23:30 Gold Mining
24:44 Iron Casting
24:48 Demolition Ship
31:01 Wheelbarrow
31:07 Heavy Plow
31:13 Scale Barding Armor
31:09 Stone Mining
33:34 Gold Shaft Mining
33:34 Stone Shaft Mining
37:12 Imperial Age
35:31 Chain Barding Armor
35:14 Husbandry
36:28 Hand Cart
36:14 Fletching
37:21 Hand Cart
37:48 Bloodlines
38:43 Plate Barding Armor
40:03 Blast Furnace
40:56 Elite Konnik
白纸o
14:59 Feudal Age
14:42 Loom
19:33 Castle Age
17:53 Double-Bit Axe
17:59 Fletching
19:15 Stone Mining
20:54 Wheelbarrow
20:20 Bodkin Arrow
22:00 Padded Archer Armor
40:54 Bow Saw
fouseyfire
5:46 Loom
12:51 Feudal Age
17:57 Castle Age
16:21 Fletching
16:34 Gold Mining
17:06 Double-Bit Axe
19:26 Bow Saw
21:36 Bodkin Arrow
23:37 Elite Skirmisher
24:34 Horse Collar
31:23 Padded Archer Armor
35:16 Imperial Age
33:37 Leather Archer Armor
36:19 Bracer
37:01 Bloodlines
41:17 Ballistics
I'm AOE2 Noob
15:08 Feudal Age
18:51 Castle Age
16:42 Double-Bit Axe
17:02 Gold Mining
17:35 Fishing Lines
18:06 Loom
19:36 Scale Barding Armor
20:22 Gold Shaft Mining
20:17 Bow Saw
21:14 Chain Barding Armor
26:53 Wheelbarrow
27:07 Gold Shaft Mining
26:23 Stone Mining
27:19 Gillnets
31:49 Imperial Age
30:28 Bloodlines
31:32 Horse Collar
33:36 Plate Barding Armor
32:59 Fletching
35:59 Bodkin Arrow
35:56 Elite Magyar Huszar
37:45 Ballistics
37:35 Thumb Ring
40:00 Conscription
41:35 Corvinian Army
42:27 Bracer
42:27 Padded Archer Armor
42:33 Recurve Bow
43:48 Hoardings
45:08 Chemistry
45:55 Padded Archer Armor
45:42 Heavy Cavalry Archer
47:16 Parthian Tactics
慕华花繁
4:38 Loom
14:32 Feudal Age
18:33 Castle Age
16:23 Fishing Lines
16:49 Stone Mining
18:07 Double-Bit Axe
18:27 Fletching
19:49 Bodkin Arrow
22:50 Bow Saw
22:34 Gold Mining
26:54 Red Cliffs Tactics
32:27 Ballistics
44:00 Wheelbarrow
43:55 Horse Collar
TS-精锐狐狐
5:11 Loom
14:41 Feudal Age
18:20 Castle Age
16:54 Fletching
17:15 Forging
17:13 Double-Bit Axe
18:04 Fishing Lines
19:15 Medium Warships
20:00 Iron Casting
20:02 Bow Saw
19:58 Gold Mining
24:23 Bodkin Arrow
27:41 Gillnets
29:44 Ballistics
29:27 Padded Archer Armor
31:58 Wheelbarrow
31:08 Town Watch
31:58 Clinker Construction
32:00 Careening
31:47 Horse Collar
33:21 Hand Cart
34:09 Leather Archer Armor
37:25 Imperial Age
35:19 Scale Mail Armor
34:41 Champi Runner
35:53 Malon
36:30 Chain Mail Armor
35:36 Champi Warrior
36:02 Arson
38:06 Heavy Plow
38:42 Gold Shaft Mining
37:58 Stone Mining
37:29 Elite Champi Warrior
38:33 Conscription
38:22 Butalmapu
39:06 Plate Mail Armor
39:59 Blast Furnace
39:33 Elite Skirmisher
41:43 Ring Archer Armor
41:02 Treadmill Crane
42:39 Chemistry
45:50 Siege Engineers
进化论
5:17 Loom
14:06 Feudal Age
14:48 Town Watch
17:19 Fletching
19:24 Double-Bit Axe
24:41 Castle Age
22:36 Horse Collar
27:59 Castle Age
29:12 Wheelbarrow
34:47 Crossbowman
35:16 Elite Skirmisher
39:23 Bow Saw
39:18 Bodkin Arrow
39:30 Gold Mining
39:34 Stone Mining
40:49 Thumb Ring
41:07 Hand Cart
41:49 Ballistics
45:21 Imperial Age
46:00 Coinage
45:26 Arbalester
46:16 Bracer
47:21 Chemistry
Connection lost

Rejoining the realm…

Still unreachable

The connection could not be restored.

Session expired

The server has moved on; the page needs a fresh start.